Canucks vs Blues (R4)

Created - 19 janvier 2021 at 21:52

Goals
1 2 3 OT1 SO T
Canucks 1 3 0 0 0 4
Blues 1 2 1 0 1 5
Shots
1 2 3 OT1 SO T
Canucks 8 7 16 1 3 32
Blues 6 13 25 6 2 50

1st period

1. Blues , Mikko Rantanen 14 (Jack Eichel 38, Dougie Hamilton 16) at 7:03
2. Canucks , Brayden Point 16 (Anthony Duclair 16, Ryan Ellis 24) at 11:50 (PP)

Penalties :
Jordan Staal (STL) for Roughing (Minor) at 10:28

2nd period

3. Blues , Seth Jones 9 (Sean Couturier 16, P.K. Subban 17) at 6:07
4. Canucks , Brayden Point 17 (Mitch Marner 25) at 12:00
5. Blues , Jack Eichel 24 (Josh Bailey 24, Dougie Hamilton 17) at 15:05 (PP)
6. Canucks , Mitch Marner 17 (Anthony Duclair 17, Ryan Ellis 25) at 16:19
7. Canucks , Boone Jenner 9 (Aaron Ekblad 13, Jake Muzzin 14) at 19:28 (SH)

Penalties :
Morgan Rielly (VAN) for Hooking (Minor) at 0:09, Morgan Rielly (VAN) for Roughing (Minor) at 2:32, Jake Muzzin (VAN) for Cross-checking (Minor) at 14:45, Morgan Rielly (VAN) for Interference (Minor) at 17:52

3rd period

8. Blues , Jack Eichel 25 (Dougie Hamilton 18) at 7:53

Penalties :
Sean Couturier (STL) for Holding (Minor) at 2:09, Anthony Duclair (VAN) for Tripping (Minor) at 2:09, Jake Muzzin (VAN) for Roughing (Minor) at 15:52

Overtime #1

No Goal

Penalties :
No Penalty

Shootout

Canucks, Mitch Marner - Shot Misses the Net
Blues, Christian Dvorak - Goal!
Canucks, Brayden Point - Stopped by Carter Hart
Blues, Dougie Hamilton - Shot Misses the Net
Canucks, Ryan O'Reilly - Stopped by Carter Hart

Penalties :
No Penalty

Goalie Stats

Carey Price (VAN), 46 saves from 50 shots - (0,920), OTL, 22-15-4, 65:00 minutes
Carter Hart (STL), 28 saves from 32 shots - (0,875), W, 23-10-6, 65:00 minutes

Players Stats for Canucks

Player Name              G  A  P  +/- PIM S  H  SB GA TA FO     MP     PP MP  PK MP  
------------------------------------------------------------------------------------
Aaron Ekblad             0  1  1   1  0   1  0  2  0  0  0/0    23:52   0:00   4:48 
Anthony Duclair          0  2  2   1  2   4  2  0  0  0  1/3    18:45   0:34   0:00 
Blake Coleman            0  0  0   0  0   1  4  0  0  0  7/14   14:17   0:00   4:01 
Boone Jenner             1  0  1   1  0   2  1  0  0  0  8/14    9:01   0:48   4:15 
Brayden Point            2  0  2   1  0   6  0  0  0  0  7/20   20:38   0:34   0:00 
Chris Tierney            0  0  0   0  0   0  0  0  0  0  8/11    4:01   0:00   4:01 
Jake Muzzin              0  1  1   1  4   0  1  1  0  0  0/0    15:52   0:00   3:11 
Jake Virtanen            0  0  0  -2  0   0  1  0  0  0  0/0    17:30   0:48   0:00 
Kevin Hayes              0  0  0  -2  0   4  3  2  0  0  4/6    21:14   0:48   0:00 
Kirby Dach               0  0  0   0  0   0  0  0  0  0  1/1     3:58   0:00   0:00 
Maxime Lajoie            0  0  0   0  0   0  1  1  0  0  0/0    14:52   0:00   0:00 
Mitch Marner             1  1  2   1  0   4  1  1  0  0  0/0    21:32   0:48   0:00 
Morgan Rielly            0  0  0  -1  6   3  1  2  0  0  0/0    22:26   0:48   0:29 
Ron Hainsey              0  0  0  -1  0   0  1  0  0  0  0/0    21:29   0:00   3:28 
Ryan Ellis               0  2  2   0  0   1  2  2  0  0  0/0    25:02   0:34   4:36 
Ryan O'Reilly            0  0  0  -2  0   3  0  0  0  0  9/23   20:26   0:34   0:20 
Tanner Pearson           0  0  0   1  0   2  0  0  0  0  0/0    19:28   0:34   3:55 
Zach Sanford             0  0  0   0  0   1  1  0  0  0  0/1    10:16   0:00   0:00 

Players Stats for Blues

Player Name              G  A  P  +/- PIM S  H  SB GA TA FO     MP     PP MP  PK MP  
------------------------------------------------------------------------------------
Anthony Mantha           0  0  0  -1  0   4  4  0  0  0  0/0    18:35   4:42   0:10 
Christian Dvorak         0  0  0   0  0   1  0  0  0  0  12/22  18:31   3:34   0:58 
Colin Miller             0  0  0  -1  0   2  0  0  0  0  0/0    13:10   0:00   0:00 
Dougie Hamilton          0  3  3   1  0   5  0  0  0  0  0/0    25:04   4:45   0:24 
Jack Eichel              2  1  3   0  0   5  3  0  0  0  16/35  24:40   4:42   0:10 
Johnny Gaudreau          0  0  0   0  0   1  0  0  0  0  0/2    21:04   3:34   0:00 
Jordan Staal             0  0  0   0  2   0  5  0  0  0  0/0    13:58   0:00   0:00 
Josh Bailey              0  1  1   0  0   4  1  0  0  0  1/4    20:19   4:42   0:00 
MacKenzie Weegar         0  0  0  -1  0   2  1  0  0  0  0/0    13:10   0:00   0:00 
Martin Necas             0  0  0   0  0   0  0  0  0  0  0/0     5:36   0:00   0:00 
Michael Chaput           0  0  0   0  0   1  1  0  0  0  3/8     5:50   0:00   0:14 
Mikko Rantanen           1  0  1   0  0   4  1  1  0  0  0/0    22:30   3:31   0:00 
Miles Wood               0  0  0   0  0   3  3  0  0  0  0/0    13:25   0:00   0:14 
P.K. Subban              0  1  1   1  0   0  4  3  0  0  0/0    20:18   0:00   0:58 
Ryan Pulock              0  0  0   1  0   3  1  2  0  0  0/0    22:50   4:45   0:24 
Sean Couturier           0  1  1   0  2   10 1  0  0  0  16/22  19:06   3:34   0:00 
Seth Jones               1  0  1   0  0   5  0  2  0  0  0/0    26:57   3:31   0:58 
Trevor Lewis             0  0  0   0  0   0  0  0  0  0  0/0     6:34   0:00   0:58 

3 Stars

1 - Jack Eichel (STL)
2 - Brayden Point (VAN)
3 - Dougie Hamilton (STL)

Power Play

Canucks - 1 on 1 Attempt(s) - 100,00%
Blues - 1 on 5 Attempt(s) - 20,00%

Penalty Kill

Canucks - 4 on 5 Attempt(s) - 80,00% - Score 1 goal in Penalty Kill
Blues - 0 on 1 Attempt(s) - 0,00% - Score 0 goal in Penalty Kill

Team Stat

Canucks - Hits : 19 - Faceoff Wins : 45 - Blocked Shots : 11 - Penalty Minutes : 12
Blues - Hits : 25 - Faceoff Wins : 48 - Blocked Shots : 8 - Penalty Minutes : 4

Official

Referees : Justin Kea and Dave Lewis
Linesman : Neil Campbell and Pierre Racicot

Game Notes

No Game Note

Finance

Level 1 -- Attendance: 6500 (100,00%) -- Ticket Income 715 000 $
Level 2 -- Attendance: 5000 (100,00%) -- Ticket Income 375 000 $
Level 3 -- Attendance: 3441 (98,31%) -- Ticket Income 189 255 $
Level 4 -- Attendance: 1562 (100,00%) -- Ticket Income 60 918 $
Luxury Box -- Attendance: 926 (92,60%) -- Ticket Income 184 274 $
Game was played at the Scottrade Center.
Total Attendance: 17429 (99,24%)
Total Ticket Income: 1 524 447 $
Other Income: 746 979 $
Total Income: 2 271 426 $

% Time on Ice - Canucks

Lines # - Real PCT - Wanted PCT - Time Play
Normal Forward
1 - 35% - 35% - 16:42
2 - 36% - 35% - 17:27
3 - 21% - 20% - 10:16
4 - 8% - 10% - 3:58
Normal Defense
1 - 35% - 40% - 16:49
2 - 37% - 40% - 18:01
3 - 25% - 20% - 11:52
4 - 3% - 0% - 1:41
PP Forward
1 - 41% - 50% - 0:34
2 - 59% - 50% - 0:48
PP Defense
1 - 41% - 50% - 0:34
2 - 59% - 50% - 0:48
PK Forward
1 - 51% - 50% - 4:15
2 - 49% - 50% - 4:01
PK Defense
1 - 42% - 50% - 3:28
2 - 58% - 50% - 4:48
PK3 Forward
1 - 0% - 60%
2 - 0% - 40%
PK3 Defense
1 - 0% - 60%
2 - 0% - 40%
44 Forward
1 - 45% - 50% - 0:53
2 - 55% - 50% - 1:06
44 Defense
1 - 66% - 50% - 1:19
2 - 34% - 50% - 0:40
Last Minute Offensive  - 0:00
Last Minute Defensive  - 0:00
Total
Forward - 60:00
Defense - 60:00

% Time on Ice - Blues

Lines # - Real PCT - Wanted PCT - Time Play
Normal Forward
1 - 32% - 36% - 15:37
2 - 29% - 29% - 13:59
3 - 27% - 29% - 13:11
4 - 12% - 6% - 5:36
Normal Defense
1 - 38% - 40% - 18:26
2 - 35% - 40% - 16:47
3 - 27% - 20% - 13:10
4 - 0% - 0% - 0:00
PP Forward
1 - 57% - 55% - 4:42
2 - 43% - 45% - 3:34
PP Defense
1 - 57% - 55% - 4:45
2 - 43% - 45% - 3:31
PK Forward
1 - 83% - 60% - 1:08
2 - 17% - 40% - 0:14
PK Defense
1 - 71% - 60% - 0:58
2 - 29% - 40% - 0:24
PK3 Forward
1 - 0% - 50%
2 - 0% - 50%
PK3 Defense
1 - 0% - 70%
2 - 0% - 30%
44 Forward
1 - 100% - 60% - 1:59
2 - 0% - 40% - 0:00
44 Defense
1 - 55% - 60% - 1:05
2 - 45% - 40% - 0:54
Last Minute Offensive  - 0:00
Last Minute Defensive  - 0:00
Total
Forward - 60:00
Defense - 60:00

Play-by-Play

1st period


0:01 of 1st period - Jack Eichel wins face-off versus Ryan O'Reilly in neutral zone.
0:26 of 1st period - Ryan O'Reilly is hit by Josh Bailey and loses puck.
0:33 of 1st period - Seth Jones is hit by Kevin Hayes and loses puck.
1:02 of 1st period - Shot by Anthony Duclair.
1:02 of 1st period - Stopped by Carter Hart without a rebound.
1:03 of 1st period - Blake Coleman wins face-off versus Christian Dvorak in Blues zone.
1:04 of 1st period - Shot by Tanner Pearson.
1:04 of 1st period - Shot Misses the Net.
1:16 of 1st period - Shot by Blake Coleman.
1:16 of 1st period - Stopped by Carter Hart with a rebound.
2:13 of 1st period - Shot by Miles Wood.
2:13 of 1st period - Shot Blocked by Mitch Marner.
3:38 of 1st period - Icing by Aaron Ekblad.
3:39 of 1st period - Ryan O'Reilly wins face-off versus Christian Dvorak in Canucks zone.
3:53 of 1st period - Ryan Ellis is hit by MacKenzie Weegar and loses puck.
4:57 of 1st period - Jake Muzzin is hit by Miles Wood and loses puck.
5:15 of 1st period - Icing by P.K. Subban.
5:16 of 1st period - Blake Coleman wins face-off versus Jack Eichel in Blues zone.
5:16 of 1st period - Tanner Pearson is hit by P.K. Subban and loses puck.
5:23 of 1st period - Shot by Jack Eichel.
5:23 of 1st period - Stopped by Carey Price without a rebound.
5:24 of 1st period - Blake Coleman wins face-off versus Jack Eichel in Canucks zone.
5:24 of 1st period - Blake Coleman is hit by Jack Eichel.
5:35 of 1st period - Off-side.
5:36 of 1st period - Boone Jenner wins face-off versus Christian Dvorak in neutral zone.
5:36 of 1st period - Kirby Dach is hit by Jordan Staal and loses puck.
5:51 of 1st period - Shot by Kirby Dach.
5:51 of 1st period - Shot Misses the Net.
7:01 of 1st period - Shot by Jack Eichel.
7:01 of 1st period - Shot Misses the Net.
7:03 of 1st period - Shot by Mikko Rantanen.
7:03 of 1st period - Goal by Mikko Rantanen - Canucks : 0 - Blues : 1.
7:04 of 1st period - Sean Couturier wins face-off versus Ryan O'Reilly in neutral zone.
7:15 of 1st period - Ryan O'Reilly is hit by Anthony Mantha and loses puck.
7:25 of 1st period - Ryan Ellis is hit by Miles Wood and loses puck.
8:22 of 1st period - Jack Eichel is hit by Maxime Lajoie and loses puck.
8:27 of 1st period - Shot by Josh Bailey.
8:27 of 1st period - Stopped by Carey Price without a rebound.
8:28 of 1st period - Brayden Point wins face-off versus Michael Chaput in Canucks zone.
8:33 of 1st period - Colin Miller is hit by Anthony Duclair and loses puck.
8:42 of 1st period - Shot by Mitch Marner.
8:42 of 1st period - Stopped by Carter Hart without a rebound.
8:43 of 1st period - Christian Dvorak wins face-off versus Boone Jenner in Blues zone.
8:52 of 1st period - Shot by Johnny Gaudreau.
8:52 of 1st period - Stopped by Carey Price without a rebound.
8:53 of 1st period - Jack Eichel wins face-off versus Brayden Point in Canucks zone.
9:18 of 1st period - Icing by Ryan Pulock.
9:19 of 1st period - Jack Eichel wins face-off versus Zach Sanford in Blues zone.
9:19 of 1st period - Jack Eichel is hit by Zach Sanford.
10:26 of 1st period - Shot by Anthony Mantha.
10:26 of 1st period - Stopped by Carey Price without a rebound.
10:27 of 1st period - Brayden Point wins face-off versus Christian Dvorak in Canucks zone.
10:27 of 1st period - Mitch Marner is hit by Jordan Staal and loses puck.
10:28 of 1st period - Minor Penalty to Jordan Staal for Roughing.
10:29 of 1st period - Boone Jenner wins face-off versus Christian Dvorak in Blues zone.
10:32 of 1st period - Shot by Morgan Rielly.
10:32 of 1st period - Stopped by Carter Hart without a rebound.
10:33 of 1st period - Christian Dvorak wins face-off versus Boone Jenner in Blues zone.
10:33 of 1st period - Christian Dvorak is hit by Jake Virtanen.
11:12 of 1st period - Shot by Kevin Hayes.
11:12 of 1st period - Stopped by Carter Hart with a rebound.
11:46 of 1st period - Shot by Anthony Duclair.
11:46 of 1st period - Shot Misses the Net.
11:48 of 1st period - Shot by Anthony Duclair.
11:48 of 1st period - Shot Misses the Net.
11:50 of 1st period - Shot by Brayden Point.
11:50 of 1st period - Goal by Brayden Point - Canucks : 1 - Blues : 1.
11:51 of 1st period - Blake Coleman wins face-off versus Jack Eichel in neutral zone.
11:54 of 1st period - Colin Miller is hit by Blake Coleman and loses puck.
12:13 of 1st period - Shot by Jack Eichel.
12:13 of 1st period - Shot Misses the Net.
12:15 of 1st period - Shot by Mikko Rantanen.
12:15 of 1st period - Shot Misses the Net.
12:27 of 1st period - Shot by Mikko Rantanen.
12:27 of 1st period - Deflect By Jack Eichel.
12:27 of 1st period - Shot Misses the Net.
12:59 of 1st period - Shot by Miles Wood.
12:59 of 1st period - Shot Misses the Net.
14:31 of 1st period - Icing by Seth Jones.
14:32 of 1st period - Christian Dvorak wins face-off versus Brayden Point in Blues zone.
14:32 of 1st period - Christian Dvorak is hit by Mitch Marner.
15:48 of 1st period - Mitch Marner is hit by Jack Eichel.
16:29 of 1st period - Shot by Sean Couturier.
16:29 of 1st period - Stopped by Carey Price without a rebound.
16:30 of 1st period - Kirby Dach wins face-off versus Michael Chaput in Canucks zone.
16:30 of 1st period - Kirby Dach is hit by Michael Chaput.
16:42 of 1st period - Boone Jenner is hit by P.K. Subban and loses puck.
16:49 of 1st period - Shot by Boone Jenner.
16:49 of 1st period - Shot Misses the Net.
16:51 of 1st period - Shot by Boone Jenner.
16:51 of 1st period - Shot Misses the Net.
16:57 of 1st period - Shot by Tanner Pearson.
16:57 of 1st period - Shot Misses the Net.
16:59 of 1st period - Shot by Boone Jenner.
16:59 of 1st period - Stopped by Carter Hart without a rebound.
17:00 of 1st period - Sean Couturier wins face-off versus Ryan O'Reilly in Blues zone.
18:15 of 1st period - Shot by Brayden Point.
18:15 of 1st period - Stopped by Carter Hart without a rebound.
18:16 of 1st period - Boone Jenner wins face-off versus Michael Chaput in Blues zone.
19:40 of 1st period - Maxime Lajoie is hit by Jack Eichel and loses puck.
Goals for this period are 1 for Canucks vs 1 for Blues.
Shots for this period are 8 for Canucks vs 6 for Blues.

2nd period


0:01 of 2nd period - Sean Couturier wins face-off versus Ryan O'Reilly in neutral zone.
0:09 of 2nd period - Minor Penalty to Morgan Rielly for Hooking.
0:10 of 2nd period - Boone Jenner wins face-off versus Josh Bailey in Canucks zone.
0:42 of 2nd period - Chris Tierney is hit by Anthony Mantha and loses puck.
1:37 of 2nd period - Shot by Seth Jones.
1:37 of 2nd period - Shot Misses the Net.
1:39 of 2nd period - Shot by Mikko Rantanen.
1:39 of 2nd period - Stopped by Carey Price without a rebound.
1:40 of 2nd period - Boone Jenner wins face-off versus Jack Eichel in Canucks zone.
1:56 of 2nd period - Icing by Jack Eichel.
1:57 of 2nd period - Boone Jenner wins face-off versus Jack Eichel in Blues zone.
2:32 of 2nd period - Minor Penalty to Morgan Rielly for Roughing.
2:33 of 2nd period - Chris Tierney wins face-off versus Sean Couturier in Canucks zone.
3:54 of 2nd period - Shot by Ryan Pulock.
3:54 of 2nd period - Stopped by Carey Price without a rebound.
3:55 of 2nd period - Jack Eichel wins face-off versus Chris Tierney in Canucks zone.
4:00 of 2nd period - Shot by Dougie Hamilton.
4:00 of 2nd period - Stopped by Carey Price without a rebound.
4:01 of 2nd period - Jack Eichel wins face-off versus Chris Tierney in Canucks zone.
4:11 of 2nd period - Shot by Dougie Hamilton.
4:11 of 2nd period - Shot Misses the Net.
4:13 of 2nd period - Shot by Dougie Hamilton.
4:13 of 2nd period - Shot Misses the Net.
4:15 of 2nd period - Shot by Dougie Hamilton.
4:15 of 2nd period - Stopped by Carey Price without a rebound.
4:16 of 2nd period - Chris Tierney wins face-off versus Jack Eichel in Canucks zone.
4:27 of 2nd period - Tanner Pearson is hit by Anthony Mantha and loses puck.
5:08 of 2nd period - Shot by Brayden Point.
5:08 of 2nd period - Shot Misses the Net.
5:31 of 2nd period - Icing by Jake Muzzin.
5:32 of 2nd period - Ryan O'Reilly wins face-off versus Sean Couturier in Canucks zone.
5:32 of 2nd period - Kevin Hayes is hit by Miles Wood and loses puck.
5:57 of 2nd period - Shot by Sean Couturier.
5:57 of 2nd period - Stopped by Carey Price with a rebound.
5:59 of 2nd period - Shot by Sean Couturier.
5:59 of 2nd period - Shot Misses the Net.
6:05 of 2nd period - Shot by Sean Couturier.
6:05 of 2nd period - Shot Misses the Net.
6:07 of 2nd period - Shot by Seth Jones.
6:07 of 2nd period - Goal by Seth Jones - Canucks : 1 - Blues : 2.
6:08 of 2nd period - Christian Dvorak wins face-off versus Blake Coleman in neutral zone.
6:10 of 2nd period - Off-side.
6:11 of 2nd period - Christian Dvorak wins face-off versus Brayden Point in neutral zone.
6:18 of 2nd period - Morgan Rielly is hit by Jordan Staal and loses puck.
6:29 of 2nd period - Shot by Anthony Duclair.
6:29 of 2nd period - Stopped by Carter Hart without a rebound.
6:30 of 2nd period - Blake Coleman wins face-off versus Jack Eichel in Blues zone.
6:55 of 2nd period - Shot by Tanner Pearson.
6:55 of 2nd period - Shot Misses the Net.
7:01 of 2nd period - Shot by Aaron Ekblad.
7:01 of 2nd period - Shot Blocked by Seth Jones.
7:16 of 2nd period - Icing by Seth Jones.
7:17 of 2nd period - Josh Bailey wins face-off versus Ryan O'Reilly in Blues zone.
7:28 of 2nd period - Shot by Kevin Hayes.
7:28 of 2nd period - Shot Blocked by Mikko Rantanen.
8:24 of 2nd period - Shot by Anthony Mantha.
8:24 of 2nd period - Shot Misses the Net.
8:28 of 2nd period - Shot by Sean Couturier.
8:28 of 2nd period - Stopped by Carey Price without a rebound.
8:29 of 2nd period - Christian Dvorak wins face-off versus Blake Coleman in Canucks zone.
8:36 of 2nd period - Colin Miller is hit by Blake Coleman and loses puck.
9:09 of 2nd period - Shot by Tanner Pearson.
9:09 of 2nd period - Stopped by Carter Hart with a rebound.
9:46 of 2nd period - Shot by Sean Couturier.
9:46 of 2nd period - Shot Blocked by Maxime Lajoie.
9:53 of 2nd period - Brayden Point is hit by Ryan Pulock and loses puck.
10:08 of 2nd period - Shot by Ryan O'Reilly.
10:08 of 2nd period - Stopped by Carter Hart without a rebound.
10:09 of 2nd period - Ryan O'Reilly wins face-off versus Michael Chaput in Blues zone.
10:42 of 2nd period - Shot by Kevin Hayes.
10:42 of 2nd period - Deflect By Ryan O'Reilly.
10:42 of 2nd period - Shot Blocked by P.K. Subban.
11:58 of 2nd period - Shot by Mitch Marner.
11:58 of 2nd period - Shot Misses the Net.
12:00 of 2nd period - Shot by Brayden Point.
12:00 of 2nd period - Goal by Brayden Point - Canucks : 2 - Blues : 2.
12:01 of 2nd period - Christian Dvorak wins face-off versus Brayden Point in neutral zone.
12:22 of 2nd period - Shot by Johnny Gaudreau.
12:22 of 2nd period - Shot Misses the Net.
12:27 of 2nd period - Icing by Maxime Lajoie.
12:28 of 2nd period - Sean Couturier wins face-off versus Brayden Point in Canucks zone.
13:30 of 2nd period - Icing by Ryan O'Reilly.
13:31 of 2nd period - Ryan O'Reilly wins face-off versus Christian Dvorak in Canucks zone.
13:31 of 2nd period - Ryan O'Reilly is hit by Jordan Staal.
13:53 of 2nd period - Seth Jones is hit by Boone Jenner and loses puck.
14:45 of 2nd period - Minor Penalty to Jake Muzzin for Cross-checking.
14:46 of 2nd period - Chris Tierney wins face-off versus Jack Eichel in Canucks zone.
15:05 of 2nd period - Shot by Jack Eichel.
15:05 of 2nd period - Goal by Jack Eichel - Canucks : 2 - Blues : 3.
15:06 of 2nd period - Michael Chaput wins face-off versus Brayden Point in neutral zone.
15:12 of 2nd period - Icing by Ron Hainsey.
15:13 of 2nd period - Anthony Duclair wins face-off versus Jack Eichel in Canucks zone.
15:22 of 2nd period - Shot by Anthony Duclair.
15:22 of 2nd period - Shot Blocked by Ryan Pulock.
15:24 of 2nd period - Shot by Mitch Marner.
15:24 of 2nd period - Shot Blocked by Ryan Pulock.
15:26 of 2nd period - Shot by Morgan Rielly.
15:26 of 2nd period - Stopped by Carter Hart without a rebound.
15:27 of 2nd period - Ryan O'Reilly wins face-off versus Sean Couturier in Blues zone.
15:39 of 2nd period - Sean Couturier is hit by Kevin Hayes and loses puck.
15:46 of 2nd period - Shot by Sean Couturier.
15:46 of 2nd period - Shot Misses the Net.
15:50 of 2nd period - Shot by Colin Miller.
15:50 of 2nd period - Stopped by Carey Price without a rebound.
15:51 of 2nd period - Brayden Point wins face-off versus Josh Bailey in Canucks zone.
16:13 of 2nd period - Shot by Mitch Marner.
16:13 of 2nd period - Shot Misses the Net.
16:15 of 2nd period - Shot by Anthony Duclair.
16:15 of 2nd period - Shot Misses the Net.
16:17 of 2nd period - Shot by Anthony Duclair.
16:17 of 2nd period - Shot Misses the Net.
16:19 of 2nd period - Shot by Mitch Marner.
16:19 of 2nd period - Goal by Mitch Marner - Canucks : 3 - Blues : 3.
16:20 of 2nd period - Sean Couturier wins face-off versus Ryan O'Reilly in neutral zone.
16:57 of 2nd period - Shot by Miles Wood.
16:57 of 2nd period - Stopped by Carey Price without a rebound.
16:58 of 2nd period - Christian Dvorak wins face-off versus Brayden Point in Canucks zone.
17:03 of 2nd period - Shot by Johnny Gaudreau.
17:03 of 2nd period - Deflect By Christian Dvorak.
17:03 of 2nd period - Stopped by Carey Price without a rebound.
17:04 of 2nd period - Jack Eichel wins face-off versus Brayden Point in Canucks zone.
17:24 of 2nd period - Icing by Ryan Pulock.
17:25 of 2nd period - Blake Coleman wins face-off versus Jack Eichel in Blues zone.
17:39 of 2nd period - Ryan Pulock is hit by Blake Coleman.
17:48 of 2nd period - Jack Eichel is hit by Morgan Rielly and loses puck.
17:52 of 2nd period - Minor Penalty to Morgan Rielly for Interference.
17:53 of 2nd period - Sean Couturier wins face-off versus Boone Jenner in Canucks zone.
18:14 of 2nd period - Shot by Seth Jones.
18:14 of 2nd period - Stopped by Carey Price without a rebound.
18:15 of 2nd period - Chris Tierney wins face-off versus Jack Eichel in Canucks zone.
18:31 of 2nd period - Off-side.
18:32 of 2nd period - Sean Couturier wins face-off versus Boone Jenner in neutral zone.
18:36 of 2nd period - Off-side.
18:37 of 2nd period - Chris Tierney wins face-off versus Christian Dvorak in neutral zone.
18:52 of 2nd period - Shot by Sean Couturier.
18:52 of 2nd period - Stopped by Carey Price without a rebound.
18:53 of 2nd period - Boone Jenner wins face-off versus Jack Eichel in Canucks zone.
19:28 of 2nd period - Shot by Boone Jenner.
19:28 of 2nd period - Goal by Boone Jenner - Canucks : 4 - Blues : 3.
19:29 of 2nd period - Sean Couturier wins face-off versus Chris Tierney in neutral zone.
19:52 of 2nd period - Shot by Christian Dvorak.
19:52 of 2nd period - Shot Misses the Net.
Goals for this period are 3 for Canucks vs 2 for Blues.
Shots for this period are 7 for Canucks vs 13 for Blues.

3rd period


0:01 of 3rd period - Christian Dvorak wins face-off versus Ryan O'Reilly in neutral zone.
0:26 of 3rd period - Shot by Ryan Ellis.
0:26 of 3rd period - Stopped by Carter Hart without a rebound.
0:27 of 3rd period - Brayden Point wins face-off versus Sean Couturier in Blues zone.
0:30 of 3rd period - Shot by Anthony Duclair.
0:30 of 3rd period - Stopped by Carter Hart with a rebound.
0:45 of 3rd period - Shot by Mitch Marner.
0:45 of 3rd period - Shot Misses the Net.
0:47 of 3rd period - Shot by Morgan Rielly.
0:47 of 3rd period - Stopped by Carter Hart without a rebound.
0:48 of 3rd period - Jack Eichel wins face-off versus Blake Coleman in Blues zone.
1:09 of 3rd period - Shot by Tanner Pearson.
1:09 of 3rd period - Stopped by Carter Hart without a rebound.
1:10 of 3rd period - Brayden Point wins face-off versus Christian Dvorak in Blues zone.
1:25 of 3rd period - Shot by Brayden Point.
1:25 of 3rd period - Shot Misses the Net.
1:43 of 3rd period - Christian Dvorak is hit by Anthony Duclair and loses puck.
2:09 of 3rd period - Minor Penalty to Sean Couturier for Holding.
2:09 of 3rd period - Minor Penalty to Anthony Duclair for Tripping.
2:10 of 3rd period - Jack Eichel wins face-off versus Ryan O'Reilly in neutral zone.
2:12 of 3rd period - Dougie Hamilton is hit by Kevin Hayes and loses puck.
2:29 of 3rd period - Shot by Ryan O'Reilly.
2:29 of 3rd period - Stopped by Carter Hart without a rebound.
2:30 of 3rd period - Jack Eichel wins face-off versus Ryan O'Reilly in Blues zone.
2:44 of 3rd period - Ryan O'Reilly is hit by P.K. Subban and loses puck.
2:55 of 3rd period - Shot by Jack Eichel.
2:55 of 3rd period - Shot Misses the Net.
3:29 of 3rd period - Shot by Brayden Point.
3:29 of 3rd period - Shot Misses the Net.
3:31 of 3rd period - Shot by Kevin Hayes.
3:31 of 3rd period - Stopped by Carter Hart with a rebound.
3:37 of 3rd period - Shot by Kevin Hayes.
3:37 of 3rd period - Stopped by Carter Hart without a rebound.
3:38 of 3rd period - Kevin Hayes wins face-off versus Jack Eichel in Blues zone.
3:55 of 3rd period - Shot by Kevin Hayes.
3:55 of 3rd period - Stopped by Carter Hart without a rebound.
3:56 of 3rd period - Brayden Point wins face-off versus Johnny Gaudreau in Blues zone.
4:03 of 3rd period - Shot by Brayden Point.
4:03 of 3rd period - Stopped by Carter Hart with a rebound.
4:33 of 3rd period - Shot by Anthony Mantha.
4:33 of 3rd period - Stopped by Carey Price with a rebound.
5:05 of 3rd period - Shot by Ryan O'Reilly.
5:05 of 3rd period - Stopped by Carter Hart without a rebound.
5:06 of 3rd period - Christian Dvorak wins face-off versus Brayden Point in Blues zone.
5:21 of 3rd period - Shot by Anthony Duclair.
5:21 of 3rd period - Shot Blocked by P.K. Subban.
6:23 of 3rd period - Shot by Kevin Hayes.
6:23 of 3rd period - Shot Blocked by P.K. Subban.
6:25 of 3rd period - Shot by Aaron Ekblad.
6:25 of 3rd period - Stopped by Carter Hart with a rebound.
6:55 of 3rd period - Shot by Morgan Rielly.
6:55 of 3rd period - Shot Misses the Net.
6:57 of 3rd period - Shot by Morgan Rielly.
6:57 of 3rd period - Shot Misses the Net.
7:31 of 3rd period - Shot by Anthony Duclair.
7:31 of 3rd period - Shot Misses the Net.
7:43 of 3rd period - Shot by Brayden Point.
7:43 of 3rd period - Stopped by Carter Hart without a rebound.
7:44 of 3rd period - Ryan O'Reilly wins face-off versus Josh Bailey in Blues zone.
7:53 of 3rd period - Shot by Jack Eichel.
7:53 of 3rd period - Goal by Jack Eichel - Canucks : 4 - Blues : 4.
7:54 of 3rd period - Sean Couturier wins face-off versus Boone Jenner in neutral zone.
8:07 of 3rd period - Shot by Sean Couturier.
8:07 of 3rd period - Deflect By Anthony Mantha.
8:07 of 3rd period - Stopped by Carey Price with a rebound.
8:09 of 3rd period - Shot by Ryan Pulock.
8:09 of 3rd period - Stopped by Carey Price without a rebound.
8:10 of 3rd period - Jack Eichel wins face-off versus Ryan O'Reilly in Canucks zone.
8:15 of 3rd period - Shot by Jack Eichel.
8:15 of 3rd period - Stopped by Carey Price with a rebound.
9:01 of 3rd period - Shot by Anthony Mantha.
9:01 of 3rd period - Shot Blocked by Morgan Rielly.
9:03 of 3rd period - Shot by Sean Couturier.
9:03 of 3rd period - Shot Misses the Net.
9:05 of 3rd period - Shot by Sean Couturier.
9:05 of 3rd period - Stopped by Carey Price without a rebound.
9:06 of 3rd period - Michael Chaput wins face-off versus Brayden Point in Canucks zone.
9:09 of 3rd period - Shot by Michael Chaput.
9:09 of 3rd period - Stopped by Carey Price without a rebound.
9:10 of 3rd period - Sean Couturier wins face-off versus Anthony Duclair in Canucks zone.
9:17 of 3rd period - Shot by Miles Wood.
9:17 of 3rd period - Stopped by Carey Price without a rebound.
9:18 of 3rd period - Sean Couturier wins face-off versus Brayden Point in Canucks zone.
9:35 of 3rd period - Shot by Anthony Mantha.
9:35 of 3rd period - Shot Blocked by Aaron Ekblad.
9:53 of 3rd period - Shot by Miles Wood.
9:53 of 3rd period - Stopped by Carey Price without a rebound.
9:54 of 3rd period - Boone Jenner wins face-off versus Jack Eichel in Canucks zone.
9:54 of 3rd period - Boone Jenner is hit by Mikko Rantanen.
10:21 of 3rd period - Shot by Mikko Rantanen.
10:21 of 3rd period - Stopped by Carey Price with a rebound.
10:23 of 3rd period - Shot by MacKenzie Weegar.
10:23 of 3rd period - Stopped by Carey Price with a rebound.
10:25 of 3rd period - Shot by Colin Miller.
10:25 of 3rd period - Stopped by Carey Price without a rebound.
10:26 of 3rd period - Ryan O'Reilly wins face-off versus Michael Chaput in Canucks zone.
11:03 of 3rd period - Trevor Lewis is hit by Ryan Ellis and loses puck.
11:15 of 3rd period - Kevin Hayes is hit by P.K. Subban and loses puck.
11:27 of 3rd period - Icing by P.K. Subban.
11:28 of 3rd period - Sean Couturier wins face-off versus Brayden Point in Blues zone.
11:43 of 3rd period - Shot by Brayden Point.
11:43 of 3rd period - Stopped by Carter Hart with a rebound.
11:45 of 3rd period - Shot by Mitch Marner.
11:45 of 3rd period - Stopped by Carter Hart without a rebound.
11:46 of 3rd period - Jack Eichel wins face-off versus Blake Coleman in Blues zone.
11:46 of 3rd period - Jack Eichel is hit by Blake Coleman.
12:12 of 3rd period - Shot by Zach Sanford.
12:12 of 3rd period - Stopped by Carter Hart without a rebound.
12:13 of 3rd period - Brayden Point wins face-off versus Johnny Gaudreau in Blues zone.
12:14 of 3rd period - Shot by Mitch Marner.
12:14 of 3rd period - Deflect By Anthony Duclair.
12:14 of 3rd period - Shot Misses the Net.
12:16 of 3rd period - Shot by Mitch Marner.
12:16 of 3rd period - Stopped by Carter Hart without a rebound.
12:17 of 3rd period - Sean Couturier wins face-off versus Brayden Point in Blues zone.
12:51 of 3rd period - Shot by Dougie Hamilton.
12:51 of 3rd period - Stopped by Carey Price with a rebound.
13:25 of 3rd period - Shot by Josh Bailey.
13:25 of 3rd period - Stopped by Carey Price without a rebound.
13:26 of 3rd period - Christian Dvorak wins face-off versus Blake Coleman in Canucks zone.
13:26 of 3rd period - Christian Dvorak is hit by Jake Muzzin.
13:30 of 3rd period - Shot by Johnny Gaudreau.
13:30 of 3rd period - Deflect By Christian Dvorak.
13:30 of 3rd period - Shot Misses the Net.
13:32 of 3rd period - Shot by MacKenzie Weegar.
13:32 of 3rd period - Stopped by Carey Price without a rebound.
13:33 of 3rd period - Christian Dvorak wins face-off versus Ryan O'Reilly in Canucks zone.
13:34 of 3rd period - Shot by Seth Jones.
13:34 of 3rd period - Stopped by Carey Price without a rebound.
13:35 of 3rd period - Ryan O'Reilly wins face-off versus Jack Eichel in Canucks zone.
14:34 of 3rd period - Shot by Mitch Marner.
14:34 of 3rd period - Shot Misses the Net.
14:59 of 3rd period - Shot by Anthony Mantha.
14:59 of 3rd period - Shot Blocked by Ryan Ellis.
15:01 of 3rd period - Shot by Sean Couturier.
15:01 of 3rd period - Shot Misses the Net.
15:03 of 3rd period - Shot by Sean Couturier.
15:03 of 3rd period - Deflect By Anthony Mantha.
15:03 of 3rd period - Stopped by Carey Price without a rebound.
15:04 of 3rd period - Blake Coleman wins face-off versus Christian Dvorak in Canucks zone.
15:04 of 3rd period - Blake Coleman is hit by Jordan Staal.
15:39 of 3rd period - Shot by Jordan Staal.
15:39 of 3rd period - Shot Blocked by Jake Muzzin.
15:52 of 3rd period - Minor Penalty to Jake Muzzin for Roughing.
15:53 of 3rd period - Jack Eichel wins face-off versus Boone Jenner in Canucks zone.
16:08 of 3rd period - Shot by Jack Eichel.
16:08 of 3rd period - Shot Misses the Net.
16:10 of 3rd period - Shot by Dougie Hamilton.
16:10 of 3rd period - Stopped by Carey Price with a rebound.
16:12 of 3rd period - Shot by Josh Bailey.
16:12 of 3rd period - Stopped by Carey Price without a rebound.
16:13 of 3rd period - Chris Tierney wins face-off versus Sean Couturier in Canucks zone.
16:30 of 3rd period - Aaron Ekblad is hit by Sean Couturier and loses puck.
17:09 of 3rd period - Shot by Josh Bailey.
17:09 of 3rd period - Shot Blocked by Aaron Ekblad.
17:11 of 3rd period - Shot by Ryan Pulock.
17:11 of 3rd period - Stopped by Carey Price without a rebound.
17:12 of 3rd period - Chris Tierney wins face-off versus Jack Eichel in Canucks zone.
17:12 of 3rd period - Ron Hainsey is hit by Anthony Mantha.
17:22 of 3rd period - Shot by Jack Eichel.
17:22 of 3rd period - Stopped by Carey Price without a rebound.
17:23 of 3rd period - Chris Tierney wins face-off versus Jack Eichel in Canucks zone.
17:50 of 3rd period - Shot by Jack Eichel.
17:50 of 3rd period - Deflect By Josh Bailey.
17:50 of 3rd period - Shot Misses the Net.
17:52 of 3rd period - Shot by Dougie Hamilton.
17:52 of 3rd period - Stopped by Carey Price without a rebound.
17:53 of 3rd period - Michael Chaput wins face-off versus Ryan O'Reilly in Canucks zone.
17:53 of 3rd period - P.K. Subban is hit by Ron Hainsey and loses puck.
17:57 of 3rd period - Icing by Morgan Rielly.
17:58 of 3rd period - Kevin Hayes wins face-off versus Christian Dvorak in Canucks zone.
18:31 of 3rd period - Shot by Ryan O'Reilly.
18:31 of 3rd period - Shot Blocked by Seth Jones.
19:29 of 3rd period - Shot by Sean Couturier.
19:29 of 3rd period - Stopped by Carey Price with a rebound.
19:35 of 3rd period - Shot by Sean Couturier.
19:35 of 3rd period - Stopped by Carey Price without a rebound.
19:36 of 3rd period - Jack Eichel wins face-off versus Blake Coleman in Canucks zone.
19:42 of 3rd period - Icing by Aaron Ekblad.
19:43 of 3rd period - Jack Eichel wins face-off versus Blake Coleman in Canucks zone.
19:51 of 3rd period - Mikko Rantanen is hit by Ryan Ellis and loses puck.
19:54 of 3rd period - Shot by Josh Bailey.
19:54 of 3rd period - Shot Misses the Net.
19:56 of 3rd period - Shot by Josh Bailey.
19:56 of 3rd period - Shot Blocked by Ryan Ellis.
19:58 of 3rd period - Shot by Josh Bailey.
19:58 of 3rd period - Stopped by Carey Price with a rebound.
Goals for this period are 0 for Canucks vs 1 for Blues.
Shots for this period are 16 for Canucks vs 25 for Blues.

Overtime #1


0:01 of 1st overtime period - Kevin Hayes wins face-off versus Jack Eichel in neutral zone.
0:13 of 1st overtime period - Shot by Seth Jones.
0:13 of 1st overtime period - Stopped by Carey Price with a rebound.
0:15 of 1st overtime period - Shot by Jack Eichel.
0:15 of 1st overtime period - Shot Blocked by Morgan Rielly.
0:17 of 1st overtime period - Shot by Seth Jones.
0:17 of 1st overtime period - Shot Blocked by Kevin Hayes.
0:41 of 1st overtime period - Shot by Jack Eichel.
0:41 of 1st overtime period - Shot Blocked by Kevin Hayes.
0:58 of 1st overtime period - Icing by Sean Couturier.
0:59 of 1st overtime period - Sean Couturier wins face-off versus Ryan O'Reilly in Blues zone.
1:10 of 1st overtime period - Shot by Mikko Rantanen.
1:10 of 1st overtime period - Shot Misses the Net.
1:12 of 1st overtime period - Shot by Sean Couturier.
1:12 of 1st overtime period - Stopped by Carey Price without a rebound.
1:13 of 1st overtime period - Jack Eichel wins face-off versus Ryan O'Reilly in Canucks zone.
1:36 of 1st overtime period - Shot by Jack Eichel.
1:36 of 1st overtime period - Shot Misses the Net.
1:38 of 1st overtime period - Shot by Seth Jones.
1:38 of 1st overtime period - Stopped by Carey Price without a rebound.
1:39 of 1st overtime period - Sean Couturier wins face-off versus Kevin Hayes in Canucks zone.
1:44 of 1st overtime period - Shot by Mikko Rantanen.
1:44 of 1st overtime period - Stopped by Carey Price without a rebound.
1:45 of 1st overtime period - Kevin Hayes wins face-off versus Sean Couturier in Canucks zone.
2:03 of 1st overtime period - Shot by Sean Couturier.
2:03 of 1st overtime period - Stopped by Carey Price without a rebound.
2:04 of 1st overtime period - Sean Couturier wins face-off versus Kevin Hayes in Canucks zone.
2:31 of 1st overtime period - Shot by Sean Couturier.
2:31 of 1st overtime period - Stopped by Carey Price without a rebound.
2:32 of 1st overtime period - Ryan O'Reilly wins face-off versus Jack Eichel in Canucks zone.
3:00 of 1st overtime period - Shot by Ryan Ellis.
3:00 of 1st overtime period - Shot Misses the Net.
4:02 of 1st overtime period - Shot by Kevin Hayes.
4:02 of 1st overtime period - Shot Misses the Net.
4:28 of 1st overtime period - Shot by Anthony Duclair.
4:28 of 1st overtime period - Stopped by Carter Hart without a rebound.
4:29 of 1st overtime period - Jack Eichel wins face-off versus Anthony Duclair in Blues zone.
Goals for this period are 0 for Canucks vs 0 for Blues.
Shots for this period are 1 for Canucks vs 6 for Blues.

ShootOut


5:00 of 1st overtime period - Round #1.
5:00 of 1st overtime period - Canucks, Mitch Marner.
5:00 of 1st overtime period - Shot Misses the Net.
5:00 of 1st overtime period - Blues, Christian Dvorak.
5:00 of 1st overtime period - Goal by Christian Dvorak.
5:00 of 1st overtime period - Round #2.
5:00 of 1st overtime period - Canucks, Brayden Point.
5:00 of 1st overtime period - Stopped by Carter Hart.
5:00 of 1st overtime period - Blues, Dougie Hamilton.
5:00 of 1st overtime period - Shot Misses the Net.
5:00 of 1st overtime period - Round #3.
5:00 of 1st overtime period - Canucks, Ryan O'Reilly.
5:00 of 1st overtime period - Stopped by Carter Hart.